 Dungeon Crawl Stone Soup version 0.20.1-1-g8b1a95d (webtiles) character file.

203 slep the Slasher (level 5, -4/41 HPs)
             Began as a Demonspawn Fighter on Oct 23, 2017.
             Slain by Crazy Yiuf
             ... wielding a +2 quarterstaff of chaos
              (13 damage)
             ... on level 2 of the Dungeon.
             The game lasted 00:07:42 (1680 turns).

slep the Slasher (Demonspawn Fighter)               Turns: 1680, Time: 00:07:43

Health: -4/41      AC:  6    Str: 16    XL:     5   Next: 51%
Magic:  5/5        EV:  7    Int: 10    God:
Gold:   156        SH:  9    Dex: 13    Spells: 4/4 levels left

rFire    . . .     SeeInvis .   a - +0 long sword
rCold    . . .     Gourm    .   c - +0 shield
rNeg     . . .     Faith    +   b - +0 scale mail
rPois    .         Spirit   .   (helmet restricted)
rElec    .         Reflect  .   (no cloak)
rCorr    .         Harm     .   (no gloves)
MR       .....                  (no boots)
Stlth    ..........             n - amulet of faith
Regen    0.2/turn               (no ring)
MPRegen  0.1/turn               (no ring)

@: hasted and slowed, drained
A: horns 1, powered by death 2
a: no special abilities


You were on level 2 of the Dungeon.
You were hungry.

You visited 1 branch of the dungeon, and saw 2 of its levels.

You collected 156 gold pieces.

Inventory:

Hand Weapons
 a - a +0 long sword (weapon)
Armour
 b - a +0 scale mail (worn)
 c - a +0 shield (worn)
Jewellery
 n - an amulet of faith (around neck)
Scrolls
 g - a scroll of identify {unknown}
 h - 2 scrolls of teleportation {unknown}
 j - 2 scrolls of recharging {unknown}
 p - a scroll of amnesia {unknown}
 s - a scroll of random uselessness {unknown}
 t - a scroll of immolation {unknown}
Potions
 d - a potion of might
 e - a potion of brilliance {unknown}
 i - 2 potions of flight {unknown}
 k - a potion of lignification {unknown}
 l - a potion of ambrosia {unknown}
 m - a potion of haste
 o - a potion of curing
Comestibles
 f - 2 bread rations
 q - a meat ration


   Skills:
 + Level 3.5(3.2) Fighting
 + Level 3.6(3.3) Long Blades
 + Level 3.2(3.0) Armour
 + Level 1.4(1.2) Dodging
 + Level 0.2(0.0) Stealth
 + Level 3.4(3.2) Shields


You had 4 spell levels left.
You didn't know any spells.

Dungeon Overview and Level Annotations

Branches:
Dungeon (2/15)

Altars:

Annotations:
D:2 Crazy Yiuf


Innate Abilities, Weirdness & Mutations

You have a pair of small horns on your head.
You regenerate health from kills.


Message History

Crazy Yiuf hits you but does no damage. Space bends around you.
Crazy Yiuf hits you with a quarterstaff of chaos!
Crazy Yiuf freezes you.
* * * LOW HITPOINT WARNING * * *
It was a potion of haste.
You feel yourself speed up. You block Crazy Yiuf's attack.
It was a potion of curing.
You feel better.
Crazy Yiuf hits you with a quarterstaff of chaos!
* * * LOW HITPOINT WARNING * * *
Crazy Yiuf freezes you.
* * * LOW HITPOINT WARNING * * *
You slash Crazy Yiuf!
Crazy Yiuf is heavily wounded.
Crazy Yiuf hits you with a quarterstaff of chaos.
* * * LOW HITPOINT WARNING * * *
You feel drained.
You barely miss Crazy Yiuf. Your headbutt misses Crazy Yiuf.
Crazy Yiuf is heavily wounded.
Crazy Yiuf hits you with a quarterstaff of chaos!
You die...

#.###########
#...........#
#.#########.# ###
#.# #)## #..#
#### #####.#
#)..### ##.....#
#..g@.####.P....#
#...##..#..P...##
#### ###.#.P..##
######## ###
##### #.#
#...#########.##
#..............#


You could see Crazy Yiuf.

Vanquished Creatures
  3 jellies (D:2)
  An adder (D:2)
  8 oozes (D:2)
  3 worms (D:2)
  A dart slug (D:1)
  A leopard gecko (D:2)
  A ball python (D:1)
  A giant cockroach (D:2)
  8 goblins
  6 hobgoblins
  4 jackals (D:1)
  A quokka (D:2)
  4 bats
  2 frilled lizards
  12 kobolds
  5 rats
  A fungus (D:2)
62 creatures vanquished.

Vanquished Creatures (others)
  A fungus (D:2)
  10 toadstools (D:2)
11 creatures vanquished.

Grand Total: 73 creatures vanquished

Notes
Turn   | Place    | Note
-------+----------+-------------------------------------------
     0 | D:1      | slep the Demonspawn Fighter began the quest for the Orb.
     0 | D:1      | Reached XP level 1. HP: 18/18 MP: 1/1
   158 | D:1      | Gained mutation: You regenerate a little health from kills. [demonic ancestry]
   158 | D:1      | Reached XP level 2. HP: 15/24 MP: 2/2
   725 | D:2      | Reached XP level 3. HP: 29/29 MP: 3/3
   797 | D:2      | Gained mutation: You have a pair of small horns on your head. [demonic ancestry]
   797 | D:2      | Reached XP level 4. HP: 22/35 MP: 4/4
   803 | D:2      | Reached skill level 1 in Dodging
   806 | D:2      | Gained mutation: You regenerate health from kills. [demonic ancestry]
   806 | D:2      | Reached XP level 5. HP: 40/41 MP: 5/5
  1665 | D:2      | Found a runed door.
  1669 | D:2      | Noticed Crazy Yiuf
  1680 | D:2      | Slain by Crazy Yiuf

Skill      XL: |  1  2  3  4 |
---------------+-------------+-----
Long Blades    | 2 3 |  3.6
Shields        | 3 |  3.4
Armour         | 3 |  3.2
Dodging        | 1 |  1.4
Fighting       | |  3.5
Stealth        | |  0.2

Action                   |  1- 3 |  4- 6 || total
-------------------------+-------+-------++-------
Melee: Long sword        |    95 |    95 ||   190
       Headbutt          |       |    22 ||    22
  Use: Potion            |       |     2 ||     2
  Eat: Chunk             |       |     2 ||     2
Armor: Scale mail        |    53 |    30 ||    83
Dodge: Dodged            |    25 |    19 ||    44
Block: Shield            |    51 |    34 ||    85
       Rpst.: Long sword |     8 |     6 ||    14
